 Dungeon Crawl Stone Soup version 0.30-a0-1075-gcd70e7a56d (webtiles) character file.

Game seed: 16287263942613796364

105 kiwi3s the Chopper (level 4, -7/39 HPs)
             Began as a Minotaur Berserker on Apr 14, 2023.
             Was a Priest of Trog.
             Killed by nerve-wracking pain
             ... invoked by Grinder
              (10 damage)
             ... on level 3 of the Dungeon.
             The game lasted 00:02:42 (1405 turns).

kiwi3s the Chopper (Minotaur Berserker)             Turns: 1405, Time: 00:02:43

Health: -7/39      AC:  0    Str: 24    XL:     4   Next: 53%
Magic:  3/3        EV: 19    Int:  4    God:    Trog [***...]
Gold:   86         SH:  0    Dex: 14    Spells: 3/3 levels left

rFire   . . .      SeeInvis .    a - melded +0 hand axe
rCold   . . .      Faith    .    (shield currently unavailable)
rNeg    . . .      Spirit   .    j - melded +0 chain mail
rPois   .          Reflect  .    (helmet currently unavailable)
rElec   .          Rampage  .    (cloak currently unavailable)
rCorr   .                        h - melded +0 pair of gloves
Will    .....                    (boots currently unavailable)
Stlth   +                        (no amulet)
HPRegen 0.26/turn                (ring currently unavailable)
MPRegen 0.08/turn                (ring currently unavailable)

@: bat-form, flying, very quick
A: fast, flying, no casting, tiny, (horns 2), (retaliatory headbutt)
a: Renounce Religion, Berserk, Trog's Hand


You were on level 3 of the Dungeon.
You worshipped Trog.
Trog was most pleased with you.
You were a bat.
You visited 1 branch of the dungeon, and saw 3 of its levels.

You collected 86 gold pieces.

Inventory:

Hand Weapons
 a - a +0 hand axe (melded)
Armour
 b - a +0 animal skin
 h - a +0 pair of gloves (melded)
 j - a +0 chain mail (melded)
Jewellery
 g - a +6 ring of dexterity
Scrolls
 d - a scroll of magic mapping {unknown}
 i - a scroll of blinking {unknown}
 n - a scroll of teleportation {unknown}
 o - a scroll of brand weapon {unknown}
 p - a scroll of enchant weapon {unknown}
 q - a scroll of torment {unknown}
Potions
 c - a potion of heal wounds {unknown}
 e - 3 potions of mutation {unknown}
 f - a potion of might {unknown}
 k - 3 potions of brilliance {unknown}
 l - 2 potions of degeneration {unknown}
 m - a potion of curing {unknown}


   Skills:
 - Level 3.6 Fighting
 + Level 6.5 Axes
 - Level 2.4 Armour
 - Level 2.1 Dodging


You had 3 spell levels left.
You didn't know any spells.
Your spell library was empty.

Dungeon Overview and Level Annotations

Branches:
Dungeon (3/15)

Altars:

Shops:
D:1 *

Annotations:
D:3 Grinder


Innate Abilities, Weirdness & Mutations

You are a bat.
You are tiny and dextrous.
You move quickly.
You are flying.
Your equipment is almost entirely melded.
You are incapable of wielding weapons or throwing items.
You cannot cast spells.
((You have a pair of horns on your head.))
((You reflexively headbutt those who attack you in melee.))


Message History

You hit the kobold.
You kill the kobold!
Trog accepts your kill.
HP restored.
k - 3 cyan potions (gained 2)
Items here: ( ) ††.
You now have 86 gold pieces (gained 16).
Grinder comes into view.
She is carrying a wand of polymorph (6).
Grinder shouts!
Grinder drinks a potion.
Grinder seems to speed up.
There is an open door here.
Grinder is nearby!
Grinder is nearby!
Grinder gestures at you. Pain shoots through your body! Grinder hits you.
You writhe in agony.
Grinder is nearby!
You closely miss Grinder.
Grinder blinks!
Grinder gestures at you. Pain shoots through your body!
Grinder gestures at you. Pain shoots through your body!
You are too injured to fight recklessly!
Grinder gestures at you.
You suddenly lose the ability to move!
Grinder gestures at you.
You barely resist. Grinder hits you.
You writhe in agony.
Grinder gestures at you. You resist with significant effort.
Grinder hits you but does no damage.
Grinder zaps a wand.
You turn into a bat.
Your +0 hand axe melds into your body.
Your +0 pair of gloves melds into your body.
Your +0 chain mail melds into your body.
Grinder hits you!
* * * LOW HITPOINT WARNING * * *
You can move again.
Grinder gestures at you.
You barely resist. Grinder gestures at you. Pain shoots through your body!
You die...

#..##♣....⌠....♣
#..# ♣♣.......♣♣
#...# ♣♣....♣♣♣
#.##. ♣♣.♣♣♣
##.##.####'##
.........5..#
##.........#
#...≈.....$#
.#.~≈.b....#
#~≈.......#
#≈........#
#.........#
#.~≈≈.....#
#.≈...#####
≈.≈.### #≈≈..


You could see Grinder (fast).

Vanquished Creatures
  4 adders (D:2)
  An ufetubus (D:3)
  A worm (D:3)
  2 dart slugs
  5 ball pythons
  6 endoplasms
  3 giant cockroaches
  6 goblins
  6 hobgoblins
  7 kobolds
  2 quokkas
  8 bats
  2 frilled lizards (D:2)
  3 rats (D:2)
56 creatures vanquished.

Notes
Turn   | Place    | Note
-------+----------+-------------------------------------------
     0 | D:1      | kiwi3s the Minotaur Berserker began the quest for the Orb.
     0 | D:1      | Reached XP level 1. HP: 19/19 MP: 0/0
    17 | D:1      | Reached skill level 4 in Axes
    35 | D:1      | Found Siomoal's General Store.
    71 | D:1      | Reached XP level 2. HP: 26/26 MP: 1/1
   342 | D:1      | Reached skill level 5 in Axes
   499 | D:1      | Reached ** piety under Trog
   500 | D:1      | Reached XP level 3. HP: 31/31 MP: 2/2
   862 | D:2      | Reached skill level 6 in Axes
   862 | D:2      | Reached XP level 4. HP: 36/39 MP: 3/3
  1180 | D:2      | You fall into a shaft and drop 1 floor!
  1322 | D:3      | Reached *** piety under Trog
  1392 | D:3      | Noticed Grinder
  1398 | D:3      | Paralysed by Grinder for 5 turns
  1405 | D:3      | Killed from afar by Grinder

Illustrated notes

Levels and vault maps discovered:
D:1:      dpeg_arrival_stonehenge_12_columns, layout_basic, serial_shops,
          nicolae_shop_window_shopping
D:2:      minmay_evil_eye, layout_loops_ring, kennysheep_generic_room_11
D:3:      layout_basic, grunt_temple_overflow_cloverleaf,
          mainiacjoe_overflow_catwalk_spiral, serial_rivers,
          chequers_serial_rivers_marsh, chequers_serial_rivers_micro_c,
          chequers_serial_rivers_small_b, chequers_serial_rivers_room_b,
          chequers_serial_rivers_small_b, chequers_serial_rivers_micro_c,
          serial_park_tiny_1, kennysheep_potato, uniq_grinder

Skill      XL: |  1  2  3 |
---------------+----------+-----
Axes           | 4 5 6 |  6.5
Fighting       | |  3.6
Armour         | |  2.4
Dodging        | |  2.1

Action                     |  1- 3 |  4- 6 || total
---------------------------+-------+-------++-------
  Melee: Hand axe          |    76 |    42 ||   118
         Headbutt          |     9 |     4 ||    13
         Punch             |     1 |       ||     1
 Armour: Animal skin       |     9 |       ||     9
         Chain mail        |     5 |    20 ||    25
  Dodge: Dodged            |    46 |    24 ||    70

Table legend: (Time is in decaauts)
 A = Elapsed time spent in this place.
 B = Non-inter-level travel time spent in this place.
 C = Inter-level travel time spent in this place.
 D = Time resting spent in this place.
 E = Time spent auto-exploring this place.
 F = Levels seen in this place.
 G = Mean time per level.
                   A        B        C        D        E       F      G
               +--------+--------+--------+--------+--------+-----+--------+
         Total |   1412 |   1404 |      8 |      0 |   1100 |   3 |  470.7 |
       Dungeon |   1412 |   1404 |      8 |      0 |   1100 |   3 |  470.7 |
               +--------+--------+--------+--------+--------+-----+--------+

Top non-repeatable levels by time:
     D:2: 600 daAuts
     D:1: 583 daAuts
     D:3: 228 daAuts
